 Dungeon Crawl Stone Soup version 0.30-a0-12-gd8047c6341 (webtiles) character file.

Game seed: 8384782573226592628

164 nickcage the Chopper (level 5, -4/42 HPs)
             Began as a Minotaur Gladiator on Aug 23, 2022.
             Splashed by a jelly's acid (8 damage)
             ... on level 4 of the Dungeon.
             The game lasted 00:03:32 (2695 turns).

nickcage the Chopper (Minotaur Gladiator)           Turns: 2695, Time: 00:03:32

Health: -4/42      AC:  0    Str: 21    XL:     5   Next: 21%
Magic:  4/4        EV:  8    Int:  5    God:
Gold:   72         SH:  0    Dex: 11    Spells: 4/4 levels left

rFire   . . .      SeeInvis .    a - +0 war axe
rCold   . . .      Faith    .    (no shield)
rNeg    . . .      Spirit   .    s - +0 chain mail
rPois   +          Reflect  .    c - +0 hat
rElec   .          Harm     .    (no cloak)
rCorr   .          Rampage  .    (no gloves)
Will    +....                    (no boots)
Stlth   ..........               u - amulet of regeneration
HPRegen 0.94/turn                n - ring of poison resistance
MPRegen 0.09/turn                p - ring of willpower

@: corroded
A: horns 2, retaliatory headbutt
a: no special abilities


You were on level 4 of the Dungeon.
You visited 1 branch of the dungeon, and saw 4 of its levels.

You collected 72 gold pieces.

Inventory:

Hand Weapons
 a - a +0 war axe (weapon)
Missiles
 d - 3 throwing nets
 e - a javelin (quivered)
Armour
 b - a +0 leather armour
 c - a +0 hat (worn)
 l - the +1 leather armour of Dato {rPois Will+++ Dex-2}
   (You found it on level 2 of the Dungeon)

   Dex:       It affects your dexterity (-2).
   rPois:     It protects you from poison.
   Will:      It greatly increases your willpower.
 s - a +0 chain mail (worn)
Jewellery
 k - a ring of magical power
 n - a ring of poison resistance (left hand)
 o - an amulet of guardian spirit
 p - a ring of willpower (right hand)
 u - an amulet of regeneration (around neck)
Scrolls
 g - a scroll of vulnerability {unknown}
 j - a scroll of silence {unknown}
 m - 5 scrolls of identify {unknown}
 r - a scroll of enchant weapon {unknown}
 t - a scroll of amnesia {unknown}
Potions
 f - a potion of curing {unknown}
 h - a potion of mutation {unknown}
 i - a potion of attraction {unknown}
 q - a potion of resistance


   Skills:
 - Level 2.4 Fighting
 + Level 7.2 Axes
 - Level 2.0 Throwing
 - Level 3.2 Dodging


You had 4 spell levels left.
You didn't know any spells.
Your spell library was empty.

Dungeon Overview and Level Annotations

Branches:
Dungeon (4/15)
 Temple: D:4-7

Altars:


Innate Abilities, Weirdness & Mutations

You have a pair of horns on your head.
You reflexively headbutt those who attack you in melee.


Message History

The hound is almost dead.
The hound barely misses you.
The goblin shoots a sling bullet.
The sling bullet barely misses you.
You hit the hound.
You kill the hound!
Your Axes skill increases to level 7!
You have reached level 5!
The goblin shoots a sling bullet.
The sling bullet hits you but does no damage.
The goblin unwields a +0 sling.
The goblin wields a +0 club.
The goblin hits you but does no damage.
You slash the goblin!
You kill the goblin!
No target in view!
m - 5 scrolls labelled CYRHI IL VUNI (gained 1)
A jelly comes into view.
The jelly quivers.
Found a scroll labelled XENAPT EREGUSA and 12 gold pieces.
An iguana comes into view.
The iguana hisses angrily.
The jelly hits you but does no damage.
You barely miss the jelly. The jelly hits you.
You are splashed with acid!
You hit the jelly.
Your hands burn!
You headbutt the jelly!
The jelly is severely wounded.
The jelly hits you. The acid corrodes you!
You are splashed with acid!
You are too injured to fight recklessly!
You are too injured to fight recklessly!
You are too injured to fight recklessly!
You are too injured to fight recklessly!
You hit the jelly.
Your hands burn!
You headbutt the jelly, but do no damage.
The jelly is almost dead.
The jelly hits you. The acid corrodes you!
You are splashed with acid!
* * * LOW HITPOINT WARNING * * *
The iguana bites you.
* * * LOW HITPOINT WARNING * * *
The jelly hits you.
* * * LOW HITPOINT WARNING * * *
You are splashed with acid!
You die...

+........# #......#
#........# #......#
+........###
##...$..#####........#<#
........................
#......#.###........#.#
##......#.# #.......†#.#
......J...# #.......)#.#
......l@..# ###....#.#.#
......?...# #.#..#.#.#
#########.# #.#..#.#.#
#.# #........#
#.##########.###
#............#
##############


You could see an iguana and a jelly.

Vanquished Creatures
  A jelly (D:3)
  A hound (D:4)
  An orc priest (D:3)
  2 adders
  A worm (D:2)
  4 orcs (D:3)
  4 bats
  8 endoplasms
  A giant cockroach (D:3)
  5 goblins
  6 hobgoblins
  2 jackals (D:2)
  3 kobolds
  A quokka (D:1)
  2 ball pythons
  2 frilled lizards
  3 rats
47 creatures vanquished.

Notes
Turn   | Place    | Note
-------+----------+-------------------------------------------
     0 | D:1      | nickcage the Minotaur Gladiator began the quest for the
                  | Orb.
     0 | D:1      | Reached XP level 1. HP: 18/18 MP: 0/0
   108 | D:1      | Reached skill level 4 in Axes
   275 | D:1      | Reached XP level 2. HP: 25/25 MP: 1/1
   769 | D:1      | Found a faded altar of an unknown god.
  1139 | D:2      | Reached skill level 5 in Axes
  1193 | D:2      | Identified the +1 leather armour of Dato {rPois Will+++
                  | Dex-2}
  1333 | D:2      | Reached XP level 3. HP: 30/30 MP: 2/2
  1705 | D:3      | Reached skill level 6 in Axes
  1705 | D:3      | Reached XP level 4. HP: 21/37 MP: 3/3
  2664 | D:4      | Reached skill level 7 in Axes
  2664 | D:4      | Reached XP level 5. HP: 41/42 MP: 4/4
  2695 | D:4      | Splashed by a jelly's acid

Illustrated notes

Levels and vault maps discovered:
D:1:      dpeg_arrival_pits, layout_loops_corners,
          shapermc_ecumenical_altar_acropolis
D:2:      layout_loops_ring
D:3:      layout_basic
D:4:      layout_basic

Skill      XL: |  1  2  3  4 |
---------------+-------------+-----
Axes           | 4 5 6 7 |  7.2
Fighting       | |  2.4
Throwing       | |  2.0
Dodging        | |  3.2

Action                   |  1- 3 |  4- 6 || total
-------------------------+-------+-------++-------
Melee: War axe           |    58 |    27 ||    85
       Headbutt          |     8 |     3 ||    11
Throw: Javelin           |       |     1 ||     1
Armor: Leather armour    |    11 |     6 ||    17
       Chain mail        |       |     9 ||     9
Dodge: Dodged            |    35 |    12 ||    47

Table legend: (Time is in decaauts)
 A = Elapsed time spent in this place.
 B = Non-inter-level travel time spent in this place.
 C = Inter-level travel time spent in this place.
 D = Time resting spent in this place.
 E = Time spent auto-exploring this place.
 F = Levels seen in this place.
 G = Mean time per level.
                   A        B        C        D        E       F      G
               +--------+--------+--------+--------+--------+-----+--------+
         Total |   2713 |   2556 |    157 |      0 |   2262 |   4 |  678.2 |
       Dungeon |   2713 |   2556 |    157 |      0 |   2262 |   4 |  678.2 |
               +--------+--------+--------+--------+--------+-----+--------+

Top non-repeatable levels by time:
     D:1: 1036 daAuts
     D:3: 913 daAuts
     D:2: 668 daAuts
     D:4: 94 daAuts
